 Dungeon Crawl Stone Soup version 0.28-a0-1147-gc7b72d3202 (webtiles) character file.

Game seed: 14089252744512672602

2349 Htamos the Tainter (level 9, 0/82 (85) HPs)
             Began as a Formicid Venom Mage on Dec 14, 2021.
             Was a Follower of Okawaru.
             Slain by a wight (2 damage)
             ... on level 7 of the Dungeon.
             The game lasted 00:21:46 (9068 turns).

Htamos the Tainter (Formicid Venom Mage)            Turns: 9068, Time: 00:21:46

HP:   0/82 (85)     AC: 24    Str: 12    XL:     9   Next: 71%
MP:   11/16         EV:  2    Int: 20    God:    Okawaru [*.....]
Gold: 347           SH:  0    Dex: 11    Spells: 8/18 levels left

rFire   . . .      SeeInvis .   c - +3 dagger (holy)
rCold   . . .      Faith    .   (no shield)
rNeg    . . .      Spirit   .   (armour currently unavailable)
rPois   +          Reflect  .   (helmet unavailable)
rElec   .          Harm     .   (cloak currently unavailable)
rCorr   .          Rampage  .   (gloves currently unavailable)
Will    .....                   (boots currently unavailable)
Stlth   ++........              (no amulet)
HPRegen 0.23/turn               m - +4 ring of slaying
MPRegen 0.15/turn               (no ring)

@: brilliant, tree-form (expiring), lightly drained
A: stationary, stasis, torment immunity, boosted hp, permanent stasis, dig
shafts and tunnels, (antennae 3), four strong arms
a: Renounce Religion, Heroism


You were on level 7 of the Dungeon.
You worshipped Okawaru.
Okawaru was aware of your devotion.
You were a tree.
You visited 2 branches of the dungeon, and saw 8 of its levels.

You collected 347 gold pieces.

Inventory:

Hand Weapons
 c - a +3 dagger of holy wrath (weapon)
 d - a +0 club
 f - a +0 mace of holy wrath
Missiles
 p - 2 curare-tipped darts
Armour
 a - a +0 robe
 g - a +0 ring mail (melded)
 l - a +1 cloak (melded)
 o - a +0 chain mail
 q - a +0 pair of gloves (melded)
Jewellery
 m - a +4 ring of slaying (left branch)
Scrolls
 b - 2 scrolls of amnesia
 h - a scroll of identify {@rr}
 i - a scroll of vulnerability
 j - 2 scrolls of teleportation
 n - a scroll of silence
 r - a scroll of enchant armour
 s - a scroll of noise {unknown}
 u - a scroll of immolation {unknown}


   Skills:
 - Level 1.7 Dodging
 - Level 2.4 Stealth
 - Level 5.0 Spellcasting
 - Level 4.7 Conjurations
 - Level 1.1 Transmutations
 + Level 13.6 Poison Magic


You had 8 spell levels left.
You knew the following spells:

 Your Spells              Type           Power      Damage    Failure   Level
a - Sting                 Tmut/Pois      100%       1d8       1%          1
b - Poisonous Vapours     Pois/Air       96%        N/A       1%          2
c - Olgreb's Toxic Radia  Pois           73%        N/A       1%          4
d - Mephitic Cloud        Conj/Pois/Air  44%        N/A       2%          3

Your spell library contained the following spells:

 Spells                   Type           Power      Damage    Failure   Level
 Spider Form              Tmut/Pois      51%        N/A       1%          3
 Beastly Appendage        Tmut           28%        N/A       8%          1
 Wereblood                Tmut           14%        N/A       11%         2
 Dazzling Flash           Conj/Hex       42%        N/A       13%         3
 Agony                    Necr           7%         N/A       97%         5
 Silence                  Hex/Air        3%         N/A       97%         5


Dungeon Overview and Level Annotations

Branches:
Dungeon (7/15)             Temple (1/1) D:6

Altars:
Ashenzari
Cheibriados
Elyvilon
Fedhas
Gozag
Hepliaklqana
Kikubaaqudgha
Makhleb
Nemelex Xobeh
Okawaru
Qazlal
Ru
Sif Muna
Trog
Uskayaw
Vehumet
Wu Jian
Xom
Yredelemnul
Zin

Shops:
D:1 =

Portals:
Abyss: D:3

Annotations:
D:3 2 transporters, Vivir's ghost, amateur MiFi


Innate Abilities, Weirdness & Mutations

You are a tree.
Your roots penetrate the ground, keeping you stationary.
You cannot be teleported.
You are immune to unholy pain and torment.
Your maximum health is greatly increased.
Your equipment is partially melded.
You cannot be hasted, slowed, berserked, paralysed or teleported.
You can dig through walls and to a lower floor.
((You have a pair of large antennae on your head. (SInv)))
Your four strong arms can wield two-handed weapons with a shield.


Message History

The wight is almost destroyed.
The iceblast engulfs Duvessa!
Duvessa is severely wounded.
The iceblast engulfs the wight.
The wight partially resists.
The wight is moderately damaged.
Duvessa hits you but does no damage. The wight barely misses you.
The wight hits you from afar with a +0 spear.
* * * LOW HITPOINT WARNING * * *
Duvessa hits you with a +0 short sword of holy wrath.
* * * LOW HITPOINT WARNING * * *
The wight barely misses you.
Unknown command.
Aiming: Iceblast
Press: ? - help, Shift-Dir - straight line, f/p - wight
Aim: a wight, wielding a +0 trident and wearing a +0 robe (almost destroyed)
The mass of ice explodes!
The iceblast engulfs the wight.
The wight partially resists.
You destroy the wight!
Okawaru accepts your kill.
The iceblast engulfs Duvessa!
Duvessa is almost dead.
The iceblast engulfs the wight.
The wight partially resists.
The wight is heavily damaged.
The now-empty wand crumbles to dust.
Your transformation is almost over.
Duvessa hits you but does no damage.
The wight hits you from afar with a +0 spear.
* * * LOW HITPOINT WARNING * * *
You feel drained.
* * * LOW HITPOINT WARNING * * *
The wight hits you but does no damage.
Unknown command.
You aren't carrying any items that you can evoke.
You aren't carrying any potions.
You hit Duvessa.
You kill Duvessa!
Okawaru accepts your kill. The wight hits you but does no damage.
The wight hits you with a +4 flail of freezing.
You die...

#..## ...........
...###.......... ###
#....#.......... ###.##
#..{...........
##....###..#...........
#.....##...##.........#
###...###.............#
#.......z..............
#.<...♣)z.......#.#....
##...#.z........##.....
##..#...........#.<.e.
####........[.###.###
##..........#...# ##
##...............#
#..#................#
#............###....#
##.(...#..##.##........


You could see 3 wights.

Vanquished Creatures
  3 yaks (D:6)
  A water moccasin (D:5)
  Duvessa (D:7)
  An orc warrior (D:4)
  2 ice beasts
  A necrophage (D:4)
  5 ogres
  A bullfrog (D:6)
  3 scorpions
  2 water moccasin skeletons
  Dowan (D:7)
  4 wights
  A bullfrog zombie (D:5)
  A jelly (D:7)
  2 centaur zombies (D:4)
  2 hounds
  An orc priest (D:6)
  2 iguanas
  An orc wizard (D:6)
  Robin (D:2)
  5 adders
  A shadow imp (D:6)
  A white imp (D:4)
  2 adder skeletons
  3 worms
  13 orcs
  7 endoplasms
  3 giant cockroaches
  14 goblins
  8 hobgoblins
  6 jackals
  3 kobolds
  2 quokkas
  4 ball pythons
  10 bats
  2 frilled lizards
  A rat (D:2)
121 creatures vanquished.

Vanquished Creatures (others)
  24 plants (D:3)
24 creatures vanquished.

Grand Total: 145 creatures vanquished

Notes
Turn   | Place    | Note
-------+----------+-------------------------------------------
     0 | D:1      | Htamos the Formicid Venom Mage began the quest for the Orb.
     0 | D:1      | Reached XP level 1. HP: 13/13 MP: 3/3
   358 | D:1      | Reached XP level 2. HP: 19/19 MP: 3/5
   435 | D:1      | Found Loocush's One-of-a-Kind Rings.
   589 | D:1      | Found a faded altar of an unknown god.
  1303 | D:2      | Reached XP level 3. HP: 24/24 MP: 5/7
  2080 | D:2      | Noticed Robin
  2161 | D:2      | Reached XP level 4. HP: 27/30 MP: 1/9
  2378 | D:2      | Killed Robin
  2911 | D:3      | Reached skill level 5 in Poison Magic
  3055 | D:3      | Found a burning altar of Makhleb.
  3055 | D:3      | Noticed a blizzard demon
  3056 | D:3      | Found a glowing silver altar of Zin.
  3056 | D:3      | Noticed an angel
  3155 | D:3      | Found a transporter.
  3167 | D:3      | Learned a level 2 spell: Poisonous Vapours
  3172 | D:3      | Learned a level 4 spell: Olgreb's Toxic Radiance
  3176 | D:3      | Learned a level 3 spell: Mephitic Cloud
  3188 | D:3      | Reached XP level 5. HP: 7/35 MP: 11/11
  3937 | D:3      | Noticed an ancient zyme
  3968 | D:3      | Found a one-way gate to the infinite horrors of the Abyss.
  3968 | D:3      | Noticed Vivir's ghost (amateur MiFi)
  4121 | D:3      | Found a transporter.
  4167 | D:4      | Reached skill level 5 in Spellcasting
  4167 | D:4      | Reached XP level 6. HP: 40/41 MP: 13/13
  4174 | D:4      | Noticed an orc warrior
  4261 | D:3      | Reached skill level 6 in Poison Magic
  4394 | D:4      | Killed an orc warrior
  4395 | D:4      | Reached skill level 7 in Poison Magic
  4734 | D:4      | Noticed an ogre
  4786 | D:4      | Killed an ogre
  4787 | D:4      | Reached skill level 8 in Poison Magic
  4787 | D:4      | Reached XP level 7. HP: 22/46 MP: 5/14
  5229 | D:4      | Reached skill level 9 in Poison Magic
  5593 | D:4      | Reached XP level 8. HP: 52/52 MP: 8/15
  6065 | D:5      | Entered Level 5 of the Dungeon
  6125 | D:5      | Reached skill level 10 in Poison Magic
  6295 | D:5      | Reached skill level 11 in Poison Magic
  6821 | D:5      | Reached skill level 12 in Poison Magic
  7434 | D:5      | Reached XP level 9. HP: 53/57 MP: 16/16
  7492 | D:6      | Reached skill level 13 in Poison Magic
  7713 | D:6      | Found a staircase to the Ecumenical Temple.
  7720 | Temple   | Entered the Ecumenical Temple
  7964 | Temple   | Became a worshipper of Warmaster Okawaru
  8406 | D:6      | Reached * piety under Okawaru
  8671 | D:7      | Noticed Dowan
  8671 | D:7      | Noticed Duvessa
  9008 | D:7      | Killed Dowan
  9067 | D:7      | HP: 3/82 [wight (2)]
  9068 | D:7      | Killed Duvessa
  9068 | D:7      | Slain by a wight

Illustrated notes

Levels and vault maps discovered:
D:1:      scummos_arrival_simple_crosswalls, layout_basic,
          shapermc_ecumenical_altar_venn, chequers_serial_rivers_small_3,
          nicolae_shop_unique_rings
D:2:      layout_basic, uniq_robin
D:3:      layout_rooms, grunt_temple_overflow_order_and_chaos_2,
          gammafunk_ghost_abyssal_escape, minmay_misc_feat_chi,
          roderic_roman_lattice, kennysheep_boxes
D:4:      layout_cave_pods, grunt_decor_resistance
D:5:      layout_loops_cross, kennysheep_minor_cross, kennysheep_diamond
D:6:      layout_cave_pods, temple_statues
D:7:      layout_cave_pools, nicolae_dithmenos_shadow_blocks, uniq_maggie,
          uniq_duvessa
Temple:   dpeg_five_rooms_temple

Skill      XL: |  1  2  3  4  5  6  7  8  9 |
---------------+----------------------------+-----
Spellcasting   | 3 4 5 |  5.0
Poison Magic   | 5 8 9 12 13 | 13.6
Conjurations   | 4 |  4.7
Dodging        | |  1.7
Stealth        | |  2.4
Transmutations | |  1.1

Action                   |  1- 3 |  4- 6 |  7- 9 || total
-------------------------+-------+-------+-------++-------
Melee: Unarmed           |    11 |       |       ||    11
       Club              |    29 |    13 |       ||    42
       Dagger            |       |    42 |    84 ||   126
 Cast: Sting             |    68 |    45 |    30 ||   143
       Poisonous Vapours |       |    22 |    60 ||    82
       Olgreb's Toxic Ra |       |       |     4 ||     4
 Abil: Dig               |       |     2 |       ||     2
Evoke: Wand              |       |       |    11 ||    11
  Use: Scroll            |     2 |     5 |     2 ||     9
       Potion            |     1 |     4 |     6 ||    11
 Stab: Sleeping          |       |       |     1 ||     1
Armor: Robe              |     9 |       |       ||     9
       Ring mail         |    29 |    29 |    25 ||    83
       Skin              |       |       |     6 ||     6
Dodge: Dodged            |    53 |    54 |    47 ||   154

Table legend: (Time is in decaauts)
 A = Elapsed time spent in this place.
 B = Non-inter-level travel time spent in this place.
 C = Inter-level travel time spent in this place.
 D = Time resting spent in this place.
 E = Time spent auto-exploring this place.
 F = Levels seen in this place.
 G = Mean time per level.
                   A        B        C        D        E       F      G
               +--------+--------+--------+--------+--------+-----+--------+
         Total |   9099 |   8791 |    308 |   1473 |   5724 |   8 | 1137.4 |
       Dungeon |   8805 |   8578 |    227 |   1473 |   5523 |   7 | 1257.9 |
        Temple |    293 |    212 |     81 |      0 |    201 |   1 |  293.0 |
               +--------+--------+--------+--------+--------+-----+--------+

Top non-repeatable levels by time:
     D:4: 1688 daAuts
     D:2: 1687 daAuts
     D:5: 1382 daAuts
     D:3: 1367 daAuts
     D:1: 1349 daAuts
     D:6: 1194 daAuts
  Temple: 293 daAuts
     D:7: 135 daAuts
